 Dungeon Crawl Stone Soup version 0.24.0-2-g5b39cebb1c (webtiles) character file.

Game seed: 13972188633142610468, levelgen mode: deterministic

146 Esekla the Slasher (level 5, 0/31 HPs)
             Began as a Deep Elf Abyssal Knight on Oct 31, 2019.
             Was a Believer of Lugonu.
             Killed by divine providence
             ... invoked by an orc priest
              (10 damage)
             ... on level 3 of the Dungeon.
             The game lasted 00:18:34 (2574 turns).

Esekla the Slasher (Deep Elf Abyssal Knight)        Turns: 2574, Time: 00:18:36

Health: 0/31       AC:  4    Str:  9    XL:     5   Next: 7%
Magic:  7/8        EV: 13    Int: 17    God:    Lugonu [**....]
Gold:   98         SH:  0    Dex: 21    Spells: 4/4 levels left

rFire    . . .     SeeInvis .   a - +1 falchion
rCold    . . .     Gourm    .   (no shield)
rNeg     . . .     Faith    .   b - +0 leather armour
rPois    .         Spirit   .   (no helmet)
rElec    .         Reflect  .   (no cloak)
rCorr    .         Harm     .   l - +0 pair of gloves
MR       .....                  (no boots)
Stlth    ++........             (no amulet)
HPRegen  0.10/turn              f - +6 ring of dexterity
MPRegen  0.11/turn              (no ring)

@: no status effects
A: no striking features
a: Depart the Abyss, Bend Space, Renounce Religion


You were on level 3 of the Dungeon.
You worshipped Lugonu.
Lugonu was pleased with you.
You were not hungry.

You visited 1 branch of the dungeon, and saw 3 of its levels.
You visited the Abyss 1 time.

You collected 98 gold pieces.

Inventory:

Hand Weapons
 a - a +1 falchion (weapon)
 g - a +0 double sword
 p - a +0 short sword
Armour
 b - a +0 leather armour (worn)
 l - a +0 pair of gloves (worn)
Jewellery
 f - a +6 ring of dexterity (left hand)
Scrolls
 d - a scroll of torment {unknown}
 k - a scroll of fear {unknown}
 m - 2 scrolls of fog {unknown}
 n - a scroll of amnesia {unknown}
 r - a scroll of remove curse {unknown}
 s - 2 scrolls of identify {unknown}
 t - 2 scrolls of magic mapping {unknown}
 v - a scroll of teleportation {unknown}
Potions
 e - 3 potions of curing {unknown}
 h - a potion of berserk rage {unknown}
 i - a potion of heal wounds {unknown}
 j - a potion of resistance {unknown}
 o - a potion of degeneration {unknown}
 q - a potion of might {unknown}
 u - a potion of ambrosia {unknown}
Comestibles
 c - 4 rations


   Skills:
 - Level 2.4 Fighting
 * Level 4.0 Long Blades
 + Level 1.5 Armour
 + Level 3.1 Dodging
 + Level 0.1 Stealth
 + Level 2.3 Invocations


You had 4 spell levels left.
You didn't know any spells.
Your spell library was empty.

Dungeon Overview and Level Annotations

Branches:
Dungeon (3/15)

Altars:
Ashenzari
Qazlal
Ru

Annotations:
D:2 Natasha
D:3 Robin


Message History

Lugonu accepts your kill. The orc hits you with a +0 hand axe.
The orc barely misses you.
Things that are here:
a +0 flail; an orc corpse You hit the orc.
The orc is almost dead.
The orc barely misses you.
You riposte.
You barely miss the orc.
The orc is almost dead.
You hit the orc.
You kill the orc!
Lugonu accepts your kill. Space bends around you!
You blink.
You barely miss the orc priest. The orc closely misses you.
You riposte.
You hit the orc.
The orc is severely wounded.
The orc priest hits you but does no damage.
The orc priest invokes the aid of Beogh against you.
Beogh smites you!
You die...

#.# #.# #.#
... #.# #.#
#.#
#####@###.#
#.)ooo.)..#
#.##..##..#
#o##.## .#
#o##.# #
#o##.#
#.....
####.# ..#


You could see 2 orc priests and an orc.

Vanquished Creatures
  A bullfrog zombie (D:2)
  Natasha (D:2)
  An adder (D:2)
  An ooze (D:1)
  A dart slug (D:2)
  2 leopard geckos
  2 orcs (D:3)
  A giant cockroach (D:2)
  15 goblins
  10 hobgoblins
  5 jackals
  11 kobolds
  A quokka (D:2)
  4 bats
  4 frilled lizards
  4 rats
  A bush (D:2)
65 creatures vanquished.

Notes
Turn   | Place    | Note
-------+----------+-------------------------------------------
     0 | Abyss:1  | Esekla the Deep Elf Abyssal Knight began the quest for the
                  | Orb.
     0 | Abyss:1  | Reached XP level 1. HP: 13/13 MP: 4/4
    17 | Abyss:2  | Found a corrupted altar of Lugonu.
    55 | Abyss:3  | Found a shimmering altar of Xom.
    76 | Abyss:3  | Noticed a large abomination
    99 | Abyss:3  | Noticed a ynoxinul
   103 | Abyss:3  | Noticed a blizzard demon
   114 | Abyss:3  | Noticed a small abomination
   115 | D:1      | Escaped the Abyss
   232 | D:1      | Reached skill level 2 in Long Blades
   305 | D:1      | Reached XP level 2. HP: 14/18 MP: 5/5
   407 | D:2      | Reached * piety under Lugonu
   438 | D:2      | Noticed Natasha
   463 | D:2      | Found a sacrificial altar of Ru.
   467 | D:2      | Found a stormy altar of Qazlal.
   594 | D:2      | Reached skill level 1 in Armour
   596 | D:2      | Reached XP level 3. HP: 10/22 MP: 6/6
   845 | D:1      | Reached skill level 3 in Long Blades
  1050 | D:2      | Reached XP level 4. HP: 19/27 MP: 7/7
  1603 | D:2      | Found a shattered altar of Ashenzari.
  1937 | D:2      | Killed Natasha
  2012 | D:2      | Reached ** piety under Lugonu
  2238 | D:3      | Noticed Robin
  2252 | D:3      | Reached skill level 4 in Long Blades
  2258 | D:3      | Reached XP level 5. HP: 21/31 MP: 8/8
  2330 | D:2      | Noticed Natasha
  2574 | D:3      | Killed from afar by an orc priest

Levels and vault maps discovered:
D:1:      mainiacjoe_arrival_reflecting_pool, layout_loops_ring,
          minmay_pentomino_w4
D:2:      layout_basic, gammafunk_temple_overflow_forgotten, uniq_natasha
D:3:      layout_loops_corners, uniq_robin

Skill      XL: |  1  2  3  4 |
---------------+-------------+-----
Long Blades    | 2 3 4 |  4.0
Armour         | 1 |  1.5
Dodging        | 3 |  3.1
Fighting       | |  2.4
Stealth        | |  0.1
Invocations    | |  2.3

Action                   |  1- 3 |  4- 6 || total
-------------------------+-------+-------++-------
Melee: Falchion          |    89 |   234 ||   323
Invok: Depart the Abyss  |     1 |       ||     1
       Bend Space        |       |     2 ||     2
 Stab: Sleeping          |       |     2 ||     2
  Eat: Ration            |       |     2 ||     2
       Chunk             |       |     1 ||     1
Armor: Leather armour    |    41 |    25 ||    66
Dodge: Dodged            |    94 |    55 ||   149
       Rpst.: Falchion   |    32 |    18 ||    50
